 Dungeon Crawl Stone Soup version 0.23.2-40-g277498a (webtiles) character file.

Game seed: 2990122608591631054

34476 HackThePlanet the Nimble (level 12, 52/57 HPs)
             Began as a Felid Wizard on Oct 16, 2019.
             Was the Champion of Jiyva.
             Quit the game on level 1 of the Orcish Mines.
             The game lasted 01:01:56 (22539 turns).

HackThePlanet the Nimble (Felid Wizard)            Turns: 22539, Time: 01:01:57

Health: 52/57      AC: 10    Str: 13    XL:     12   Next: 54%
Magic:  18/25      EV: 30    Int: 27    God:    Jiyva [******]
Gold:   568        SH:  3    Dex: 18    Spells: 16/27 levels left
                                        Lives:  2   Deaths: 0

rFire    + . .     SeeInvis +     - Unarmed
rCold    . . .     Gourm    .   (shield unavailable)
rNeg     . . .     Faith    .   (armour unavailable)
rPois    +         Spirit   .   (helmet unavailable)
rElec    .         Reflect  +   (cloak unavailable)
rCorr    +         Harm     .   (gloves unavailable)
MR       +....                  (boots unavailable)
Stlth    +++++.....             I - amulet "Abbiof" {Reflect rF+ Int+5 SH+3}
HPRegen  0.19/turn              o - ring "Ishrin" {+Blink rC- Str+3 SInv}
MPRegen  0.19/turn              w - ring "Ypag" {*Contam rPois Int+6 SInv}

@: quick
A: very small, no armour, no weapons or thrown items, stealth, claws 1, fangs 3,
slimy green scales 1, thin metallic scales 1, yellow scales 1, see invisible,
agile 1, carnivore, speed 1, shaggy fur 3, slow metabolism 1, gelatinous body 1,
pseudopods 1, jelly sensing items, sharp paws
}: 1/15 runes: slimy
a: Request Jelly, Slimify, Cure Bad Mutation, Renounce Religion, Evoke Blink


You were on level 1 of the Orcish Mines.
You worshipped Jiyva.
Jiyva was exalted by your worship.
You were completely stuffed.

You visited 5 branches of the dungeon, and saw 23 of its levels.
You also visited: Sewer.

You collected 568 gold pieces.


Innate Abilities, Weirdness & Mutations

You cannot wear armour.
You are incapable of wielding weapons or throwing items.
Your paws allow you to move quietly. (Stealth)
You have sharp claws.
You have razor-sharp teeth.
You have supernaturally acute eyesight. (SInv)
You are carnivorous and can eat meat at any time.
You cover ground quickly.
Your thick and shaggy fur keeps you warm. (AC +3, rC+)
You have a slow metabolism.
Your sharp claws are effective at attacking unaware monsters.
You are partially covered in slimy green scales. (AC +2)
You are partially covered in thin metallic scales. (AC +2)
You are partially covered in yellow scales. (AC +2)
You are agile. (Dex +2)
Your rubbery body absorbs attacks. (AC +1, EV +1)
Armour fits poorly on your pseudopods.
You have a small jelly attached to you that senses nearby items.


   Skills:
 + Level 9.5 Fighting
 + Level 12.4 Dodging
 + Level 9.5 Stealth
 + Level 9.0 Unarmed Combat
 - Level 8.0 Spellcasting
 - Level 3.0 Conjurations
 - Level 6.2 Hexes
   Level 2.0 Summonings
 - Level 2.0 Translocations
 - Level 2.1 Fire Magic
 - Level 2.0 Air Magic
 - Level 2.0 Poison Magic
 - Level 6.0 Evocations


You had 16 spell levels left.
You knew the following spells:

 Your Spells              Type           Power        Failure   Level  Hunger
c - Conjure Flame         Conj/Fire      ###.....     5%          3    None
m - Mephitic Cloud        Conj/Pois/Air  ###.....     6%          3    None
s - Slow                  Hex            #####...     1%          2    None
z - Magic Dart            Conj           ####         1%          1    None
I - Blink                 Tloc           N/A          3%          2    None

Your spell library contained the following spells:

 Spells                   Type           Power        Failure   Level  Hunger
 Call Imp                 Summ           ###.....     3%          2    None

Inventory:

Jewellery
 o - the ring "Ishrin" (left paw) {+Blink rC- Str+3 SInv}
   (You found it on level 5 of the Pits of Slime)

   [ring of see invisible]

   It affects your strength (+3).
   It makes you vulnerable to cold.
   It lets you see invisible.
   It lets you blink.
 w - the ring "Ypag" (right paw) {*Contam rPois Int+6 SInv}
   (You found it on level 7 of the Dungeon)

   [ring of see invisible]

   It affects your intelligence (+6).
   It protects you from poison.
   It lets you see invisible.
   It causes magical contamination when unequipped.
 I - the amulet "Abbiof" (around neck) {Reflect rF+ Int+5 SH+3}
   (You found it on level 5 of the Pits of Slime)

   [amulet of reflection]

   It shields you and reflects attacks.
   It affects your intelligence (+5).
   It protects you from fire.
   It affects your SH (+3).
 N - an uncursed ring of positive energy
 W - an uncursed ring of magical power
Wands
 n - a wand of polymorph (8)
 v - a wand of flame (16)
 z - a wand of enslavement (7)
 E - a wand of iceblast (7)
Scrolls
 e - 2 scrolls of identify {@r1}
 f - a scroll of fear
 h - a scroll of noise {unknown}
 l - 8 scrolls of remove curse {@r2}
 m - a scroll of amnesia
 t - 3 scrolls of teleportation {@r4}
 u - 3 scrolls of immolation {!r}
 y - a scroll of summoning
 B - 2 scrolls of fog
 C - a scroll of enchant weapon {unknown}
 F - a scroll of torment {!r}
Potions
 a - 5 potions of ambrosia
 c - 4 potions of brilliance
 d - a potion of invisibility
 g - 2 potions of haste {@q3}
 i - 3 potions of degeneration {!q}
 j - 4 potions of flight
 k - 9 potions of curing {@q1}
 q - a potion of berserk rage {unknown}
 r - 3 potions of agility {unknown}
 s - a potion of might {unknown}
 x - 2 potions of heal wounds {@q2}
 H - a potion of cancellation {unknown}
Miscellaneous
 p - a lightning rod (4/4)
 D - a fan of gales
 G - a box of beasts
 K - a phantom mirror
Comestibles
 b - 22 rations {@e1}

Dungeon Overview and Level Annotations

Branches:
Dungeon (10/15)            Temple (1/1) D:5            Lair (6/6) D:8
 Shoals (0/4) Lair:2        Snake (0/4) Lair:3        Slime (5/5) Lair:6
    Orc (1/2) D:10

Altars:
Cheibriados
Elyvilon
Fedhas
Hepliaklqana
Kikubaaqudgha
Makhleb
Nemelex Xobeh
Ru
Sif Muna
Uskayaw
Vehumet
Wu Jian
Xom
Yredelemnul
Zin
The Shining One
Jiyva

Shops:
D:4 *   D:8 *   D:10 =

Annotations:
D:9 1 exclusion
Lair:2 exclusions: hippogriff and manticore
Lair:6 3 runed translucent doors, TalonFearstriker's ghost, journeyman MiHu
Slime:3 Dissolution
Slime:5 Royal Jelly

..#.... #.....
.......#.....$o
.........o.o...o
....$..#...#....
....T.....o.#...
.............#..
.....o..........
.......o........
##..o.o>@.......
##.#.....^....#
...............
....##.#........
#..# ..##.......
### #.. ##.....
... ##... 8..
..#


You could see a troll, an orc warrior, an orc priest, an orc wizard and 6 orcs.


Message History

The stinking cloud engulfs the yak but does no damage.
The yak is lightly wounded.
The stinking cloud engulfs the yak but does no damage.
The stinking cloud engulfs you but does no damage.
The stinking cloud engulfs the yak but does no damage.
Unknown command.
The yak is engulfed in noxious fumes. x2
The yak is engulfed in noxious fumes.
There is an open door here.
You hear a bellow! x2
Found a staircase to the Orcish Mines.
There is a staircase to the Orcish Mines here.
You climb downwards.
Welcome to the Orcish Mines! 3 orcs, an orc warrior, an orc priest and a troll come into view.
The orc priest is wielding a +1 flail of protection.
Found 56 gold pieces.
Found a stone staircase leading down.
There is a staircase back to the Dungeon here.
An orc and an orc wizard come into view.
The orc shouts! x3; The orc wizard shouts!
The orc priest shouts!
You scratch the orc.
The orc is heavily wounded.
The orc shouts!
The orc misses you.
You hear a shout! x2
An orc and an orc wizard come into view.
The orc wizard is wielding a +0 dagger of venom.
An orc comes into view. It is wielding a +0 hand axe.
The orc wizard moves out of view.
There is a staircase back to the Dungeon here.
Are you sure you want to abandon this character and quit the game? (Confirm with "yes".)

Skill      XL: |  1  2  3  4  5  6  7  8  9 10 11 12 |
---------------+-------------------------------------+-----
Conjurations   | 1 2 3 |  3.0
Dodging        | 3 4 5 7 8 10 11 12 | 12.4
Fighting       | 1 2 3 4 6 7 8 9 |  9.5
Translocations | 2 |  2.0
Summonings     | 2 |  2.0
Poison Magic   | 1 2 |  2.0
Air Magic      | 1 2 |  2.0
Spellcasting   | 4 5 6 7 8 |  8.0
Fire Magic     | 1 2 |  2.1
Hexes          | 3 5 6 |  6.2
Unarmed Combat | 1 3 5 6 8 9 |  9.0
Stealth        | 4 7 9 |  9.5
Evocations     | 2 5 6 |  6.0

Action                   |  1- 3 |  4- 6 |  7- 9 | 10-12 || total
-------------------------+-------+-------+-------+-------++-------
Melee: Unarmed           |    11 |    71 |    70 |   297 ||   449
       Bite              |       |     6 |     3 |    39 ||    48
       Pseudopods        |       |       |     4 |    62 ||    66
       Punch             |       |       |     1 |    11 ||    12
 Cast: Magic Dart        |    82 |   235 |   459 |   317 ||  1093
       Call Imp          |       |     3 |     7 |     6 ||    16
       Mephitic Cloud    |       |     8 |    22 |    61 ||    91
       Conjure Flame     |       |       |    21 |    52 ||    73
       Slow              |       |       |     1 |    46 ||    47
       Blink             |       |       |       |     1 ||     1
Invok: Cure Bad Mutation |       |       |       |     1 ||     1
Evoke: Wand              |       |       |       |    19 ||    19
  Use: Potion            |     1 |       |       |       ||     1
       Scroll            |       |       |     6 |    10 ||    16
 Stab: Sleeping          |       |     2 |       |     3 ||     5
       Confused          |       |     5 |     8 |    26 ||    39
  Eat: Chunk             |     8 |    11 |     9 |     3 ||    31
Armor: Skin              |     2 |     7 |     8 |     8 ||    25
Dodge: Dodged            |    27 |    88 |   157 |   334 ||   606

Levels and vault maps discovered:
D:1:      saegor_arrival_simple_e, layout_loops_ring
D:2:      layout_loops_ring, first_ration, minmay_box_of_dots, uniq_jessica,
          uniq_natasha, uniq_crazy_yiuf_cottage
D:3:      layout_rooms, lemuel_crystal_altar,
          yredelemnul_forgotten_temple_becter, corexii_item_surrounded_by_moat
D:4:      layout_loops_cross, serial_shops, kennysheep_little_box
D:5:      layout_loops_ring, temple_green, cheibrodos_sewer_entry_drain,
          minmay_liquid_box
D:6:      layout_rooms, gammafunk_temple_overflow_pools, serial_bayou_pond_d
D:7:      layout_loops_ring, grunt_temple_overflow_lords_of_destruction,
          minmay_overflow_temple_star_hex
D:8:      layout_loops_ring, lair_entry_dummy, serial_shops,
          nicolae_shop_overgrown_old_shop, fedhas_bush_and_centaur_altar,
          uniq_prince_ribbit1, uniq_psyche
D:9:      layout_basic, basic_altar, hangedman_ranch [blue_anna_fruit_fields],
          small_chamber_with_monster, kennysheep_flooded_box,
          hangedman_decor_points
D:10:     layout_roguey, orc_0_dummy, serial_shops, shop, kennysheep_mini_moat,
          kennysheep_mini, nicolae_shop_waterfront, shop
Temple:   pf_slime_end_temple
Lair:1:   layout_chaotic_city, serial_bayou_shore_a, grunt_megastairs_5
Lair:2:   layout_hall_layers, minmay_shoals_entry_beasts,
          chequers_serial_rivers_small_3
Lair:3:   layout_regular_city, guppyfry_snake_entry_island,
          serial_bayou_lagoon_b
Lair:4:   layout_regular_city, serial_bayou_pond_e, small_statue_intersection,
          uniq_sonja
Lair:5:   layout_concentric_octagons, lemuel_fruit_fields
Lair:6:   evil_forest, layout_long_grid, minmay_slime_entry_oklob_open,
          gammafunk_ghost_necromancy
Slime:1:  layout_caves
Slime:2:  layout_caves
Slime:3:  layout_caves, dissolution_awaits
Slime:4:  cheibrodos_slime_lost_civilization_10, layout_caves
Slime:5
Orc:1:    layout_caves, bh_open_orc_temple, uniq_erolcha
Sewer:    kennysheep_pipe_town

Notes
Turn   | Place    | Note
-------+----------+-------------------------------------------
     0 | D:1      | HackThePlanet the Felid Wizard began the quest for the Orb.
     0 | D:1      | Reached XP level 1. HP: 7/7 MP: 5/5
     9 | D:1      | Reached skill level 1 in Conjurations
   374 | D:1      | Reached XP level 2. HP: 12/12 MP: 5/7
   383 | D:1      | Learned a level 2 spell: Call Imp
   510 | D:1      | Reached skill level 3 in Dodging
   913 | D:1      | Reached XP level 3. HP: 15/15 MP: 5/8
   917 | D:1      | Learned a level 2 spell: Blink
   921 | D:1      | Learned a level 3 spell: Mephitic Cloud
   934 | D:1      | Reached skill level 1 in Fighting
  1387 | D:2      | Noticed Jessica
  1397 | D:2      | Killed Jessica
  1397 | D:2      | Reached skill level 2 in Conjurations
  1524 | D:2      | Reached XP level 4. HP: 19/19 MP: 3/9
  2475 | D:2      | Noticed Natasha
  2482 | D:2      | Killed Natasha
  2482 | D:2      | Reached skill level 2 in Translocations
  2482 | D:2      | Reached XP level 5. HP: 8/22 MP: 6/11
  2767 | D:2      | Found a runed translucent door.
  2768 | D:2      | Noticed Crazy Yiuf
  2827 | D:2      | Noticed Natasha
  2834 | D:2      | Killed Natasha
  2938 | D:2      | Noticed Natasha
  2972 | D:2      | Killed Natasha
  2972 | D:2      | Reached skill level 2 in Summonings
  3288 | D:2      | Killed Crazy Yiuf
  3409 | D:3      | Reached skill level 1 in Poison Magic
  3491 | D:3      | Found a glowing silver altar of Zin.
  3509 | D:3      | Reached skill level 1 in Air Magic
  3572 | D:3      | Reached skill level 2 in Fighting
  3646 | D:3      | Found a basalt altar of Yredelemnul.
  3731 | D:3      | Reached skill level 4 in Dodging
  3956 | D:3      | Gained mutation: You are covered in thick fur. (AC +2)
                  | [Felid growth]
  3956 | D:3      | Reached XP level 6. HP: 26/26 MP: 4/12
  4016 | D:3      | Learned a level 3 spell: Conjure Flame
  4070 | D:3      | Reached skill level 3 in Conjurations
  4396 | D:4      | Found Rope Moe's Assorted Antiques.
  5456 | D:4      | HP: 1/26 [orc priest/divine providence (14)]
  6488 | D:4      | Found Rope Moe's Assorted Antiques.
  6544 | D:5      | Entered Level 5 of the Dungeon
  6681 | D:5      | Found a glowing drain.
  6770 | Sewer    | Entered a sewer
  6943 | Sewer    | Reached skill level 4 in Spellcasting
  6943 | Sewer    | Reached skill level 1 in Fire Magic
  6943 | Sewer    | Reached XP level 7. HP: 30/30 MP: 9/14
  7144 | Sewer    | Reached skill level 2 in Poison Magic
  7590 | D:5      | Learned a level 2 spell: Slow
  7650 | D:5      | Reached skill level 2 in Air Magic
  7866 | D:5      | Reached skill level 3 in Fighting
  7866 | D:5      | Reached skill level 5 in Dodging
  7866 | D:5      | Reached skill level 1 in Hexes
  7990 | D:5      | Found a staircase to the Ecumenical Temple.
  7996 | Temple   | Entered the Ecumenical Temple
  8011 | Temple   | Became a worshipper of Jiyva Jufae the Shapeless
  8127 | D:5      | Reached skill level 2 in Hexes
  8295 | D:5      | Reached * piety under Jiyva
  8414 | D:5      | Reached skill level 1 in Unarmed Combat
  8414 | D:5      | Reached skill level 2 in Fire Magic
  9000 | D:6      | Reached skill level 3 in Hexes
  9000 | D:6      | Reached XP level 8. HP: 28/34 MP: 15/15
  9023 | D:6      | Reached ** piety under Jiyva
  9379 | D:6      | Found a snail-covered altar of Cheibriados.
  9379 | D:6      | Found a white marble altar of Elyvilon.
  9860 | D:7      | Found a sacrificial altar of Ru.
  9864 | D:7      | Found a blossoming altar of Fedhas.
  9864 | D:7      | Found an ancient bone altar of Kikubaaqudgha.
  9875 | D:7      | Got a translucent wooden ring
  9879 | D:7      | Found a glowing golden altar of the Shining One.
  9883 | D:7      | Found a shimmering altar of Xom.
  9910 | D:7      | Reached skill level 2 in Unarmed Combat
  9916 | D:7      | Reached skill level 6 in Dodging
 10069 | D:7      | Found a burning altar of Makhleb.
 10070 | D:7      | Found a radiant altar of Vehumet.
 10322 | D:7      | Reached skill level 4 in Fighting
 10322 | D:7      | Reached skill level 4 in Hexes
 10969 | D:8      | Reached skill level 5 in Spellcasting
 10977 | D:8      | Reached skill level 3 in Unarmed Combat
 11088 | D:8      | Found a staircase to the Lair.
 11218 | D:8      | Reached skill level 5 in Hexes
 11387 | D:8      | Found a blossoming altar of Fedhas.
 11422 | D:8      | Reached skill level 7 in Dodging
 11423 | D:8      | Reached XP level 9. HP: 35/39 MP: 10/17
 11663 | D:8      | Noticed Psyche
 11799 | D:8      | Killed Psyche
 11799 | D:8      | Reached skill level 5 in Fighting
 11799 | D:8      | Reached skill level 4 in Unarmed Combat
 11799 | D:8      | Reached skill level 6 in Hexes
 11831 | D:8      | Reached *** piety under Jiyva
 11837 | D:8      | Gained mutation: You have a small jelly attached to you
                  | that senses nearby items. [Jiyva's grace]
 11882 | D:8      | Reached **** piety under Jiyva
 12061 | D:8      | Noticed Prince Ribbit
 12073 | D:8      | Killed Prince Ribbit
 12226 | D:8      | HP: 1/40 [ice beast (13)]
 12227 | D:8      | Reached skill level 8 in Dodging
 12277 | D:8      | Gained mutation: Armour fits poorly on your pseudopods.
                  | [Jiyva's grace]
 12596 | D:8      | Found Cyufixow's Assorted Antiques.
 12841 | D:9      | Reached skill level 6 in Spellcasting
 13004 | D:9      | Reached skill level 6 in Fighting
 13004 | D:9      | Reached skill level 5 in Unarmed Combat
 13103 | D:9      | Noticed a troll
 13353 | D:9      | Killed a troll
 13353 | D:9      | Reached XP level 10. HP: 46/46 MP: 8/20
 13397 | D:9      | Reached ***** piety under Jiyva
 13410 | D:9      | Found an ornate altar of the Wu Jian Council.
 13623 | D:9      | Reached skill level 9 in Dodging
 14098 | D:9      | Reached skill level 6 in Unarmed Combat
 14133 | D:9      | Gained mutation: Your thick and shaggy fur keeps you warm.
                  | (AC +3, rC+) [Jiyva's grace]
 14504 | D:9      | Reached skill level 7 in Spellcasting
 14742 | D:9      | Found a white marble altar of Elyvilon.
 14786 | D:9      | Reached skill level 7 in Fighting
 14811 | D:9      | Lost mutation: Your thick and shaggy fur keeps you warm.
                  | (AC +3, rC+) [Jiyva's grace]
 15022 | D:10     | Entered Level 10 of the Dungeon
 15071 | Lair:1   | Entered Level 1 of the Lair of Beasts
 15432 | Lair:1   | Reached skill level 3 in Stealth
 15620 | Lair:1   | Noticed a spiny frog
 15640 | Lair:1   | Killed a spiny frog
 15640 | Lair:1   | Reached skill level 1 in Evocations
 15890 | Lair:1   | Reached skill level 10 in Dodging
 16009 | Lair:1   | Reached skill level 4 in Stealth
 16038 | Lair:1   | Reached skill level 2 in Evocations
 16573 | Lair:2   | Noticed a spiny frog
 16588 | Lair:2   | Killed a spiny frog
 16662 | Lair:2   | Found a staircase to the Shoals.
 16662 | Lair:2   | Noticed a manticore
 16697 | Lair:2   | Gained mutation: You are agile. (Dex +2) [Jiyva's grace]
 16701 | Lair:2   | Reached ****** piety under Jiyva
 16872 | Lair:2   | Reached XP level 11. HP: 50/50 MP: 20/23
 17207 | Lair:2   | Reached skill level 5 in Stealth
 17505 | Lair:3   | Reached skill level 3 in Evocations
 17671 | Lair:3   | Reached skill level 7 in Unarmed Combat
 17678 | Lair:3   | Gained mutation: You are frail. (-10% HP) [Jiyva's grace]
 17933 | Lair:3   | Found a staircase to the Snake Pit.
 18413 | Lair:4   | Identified the ring "Ypag" {*Contam rPois Int+6 SInv} (You
                  | found it on level 7 of the Dungeon)
 18465 | Lair:4   | Reached skill level 8 in Fighting
 18502 | Lair:4   | Noticed Sonja
 18622 | Lair:4   | Killed Sonja
 18622 | Lair:4   | Reached skill level 6 in Stealth
 18622 | Lair:4   | Reached skill level 8 in Spellcasting
 18622 | Lair:4   | Reached skill level 4 in Evocations
 18669 | Lair:4   | Gained mutation: You are very agile. (Dex +4) [Jiyva's
                  | grace]
 18759 | Lair:4   | Lost mutation: You are frail. (-10% HP) [Jiyva's power]
 18895 | Lair:5   | Noticed a six-headed hydra
 18959 | Lair:5   | Reached skill level 11 in Dodging
 19068 | Lair:4   | Reached skill level 7 in Stealth
 19406 | Lair:5   | Reached skill level 5 in Evocations
 19615 | Lair:5   | Reached skill level 8 in Unarmed Combat
 19625 | Lair:5   | Killed a six-headed hydra
 19724 | Lair:5   | Gained mutation: Your thick and shaggy fur keeps you warm.
                  | (AC +3, rC+) [Felid growth]
 19724 | Lair:5   | Reached XP level 12. HP: 56/56 MP: 18/25
 19842 | Lair:5   | Gained mutation: You are partially covered in slimy green
                  | scales. (AC +2) [Jiyva's grace]
 19869 | Lair:5   | Reached skill level 8 in Stealth
 20226 | Lair:6   | Entered Level 6 of the Lair of Beasts
 20249 | Lair:6   | Found a staircase to the Slime Pits.
 20281 | Lair:6   | Gained mutation: Your rubbery body absorbs attacks. (AC +1,
                  | EV +1) [Jiyva's grace]
 20321 | Lair:5   | Reached skill level 9 in Fighting
 20458 | Lair:6   | Lost mutation: You are very agile. (Dex +4) [Jiyva's grace]
 20526 | Lair:6   | Reached skill level 6 in Evocations
 20550 | Lair:5   | Reached skill level 12 in Dodging
 20835 | Lair:6   | Found a runed translucent gate.
 20835 | Lair:6   | Found a runed translucent gate.
 20835 | Lair:6   | Found a runed translucent gate.
 20835 | Lair:6   | Noticed TalonFearstriker's ghost (journeyman MiHu)
 20982 | Lair:6   | Reached skill level 9 in Stealth
 20994 | Lair:6   | Noticed a five-headed hydra
 21184 | Lair:6   | Killed a five-headed hydra
 21206 | Slime:1  | Entered Level 1 of the Pits of Slime
 21212 | Slime:1  | Noticed an azure jelly
 21231 | Slime:1  | Noticed an acid blob
 21260 | Slime:1  | Noticed an acid blob
 21347 | Slime:1  | Noticed an acid blob
 21355 | Slime:1  | Noticed an azure jelly
 21444 | Slime:3  | Noticed Dissolution
 21730 | Slime:4  | Noticed a great orb of eyes
 21776 | Slime:4  | Noticed an acid blob
 21895 | Slime:5  | Entered Level 5 of the Pits of Slime
 21899 | Slime:5  | Lost mutation: You are agile. (Dex +2) [Jiyva's grace]
 21902 | Slime:5  | Gained mutation: You are partially covered in thin metallic
                  | scales. (AC +2) [Jiyva's grace]
 21905 | Slime:5  | Gained mutation: You are partially covered in yellow
                  | scales. (AC +2) [Jiyva's grace]
 21911 | Slime:5  | Gained mutation: You are agile. (Dex +2) [Jiyva's grace]
 21933 | Slime:5  | Found a viscous altar of Jiyva.
 21933 | Slime:5  | Noticed an acid blob
 21933 | Slime:5  | Noticed the Royal Jelly
 21934 | Slime:5  | Noticed an acid blob
 21935 | Slime:5  | Noticed a great orb of eyes
 21936 | Slime:5  | Noticed an acid blob
 21937 | Slime:5  | Noticed a great orb of eyes
 21937 | Slime:5  | Noticed an acid blob
 21937 | Slime:5  | Noticed an azure jelly
 21940 | Slime:5  | Noticed an azure jelly
 21940 | Slime:5  | Noticed an acid blob
 21951 | Slime:5  | Got a shimmering gossamer ring
 21960 | Slime:5  | Got a slimy rune of Zot
 21970 | Slime:5  | Got a slimy zirconium amulet
 21992 | Slime:5  | Noticed an acid blob
 21995 | Slime:5  | Identified the amulet "Abbiof" {Reflect rF+ Int+5 SH+3}
                  | (You found it on level 5 of the Pits of Slime)
 21997 | Slime:5  | Identified the ring "Ishrin" {+Blink rC- Str+3 SInv} (You
                  | found it on level 5 of the Pits of Slime)
 22022 | Slime:5  | Noticed an acid blob
 22023 | Slime:5  | Noticed an azure jelly
 22040 | Slime:5  | Noticed an acid blob
 22078 | Slime:5  | Noticed an acid blob
 22090 | Slime:5  | Noticed an acid blob
 22156 | Slime:5  | Noticed an acid blob
 22207 | Slime:4  | Noticed an acid blob
 22483 | D:10     | Reached skill level 9 in Unarmed Combat
 22511 | D:10     | Found Zudu's Jewellery Boutique.
 22527 | D:10     | Found a staircase to the Orcish Mines.
 22535 | Orc:1    | Entered Level 1 of the Orcish Mines
 22539 | Orc:1    | Quit the game

Vanquished Creatures
  2 hydras
  Sonja (Lair:4)
  2 oklob plants (Lair:6)
  A manticore (Lair:2)
  7 elephants
  3 black mambas
  Psyche (D:8)
  9 spiny frogs
  2 komodo dragons
  A troll (D:9)
  A polar bear (Lair:6)
  Prince Ribbit (D:8)
  A dream sheep (D:9)
  6 blink frogs
  3 hippogriffs
  12 yaks
  A wraith (D:9)
  3 wyverns
  A basilisk (Lair:5)
  2 nagas (Lair:3)
  5 water moccasins
  A hell hound (Lair:6)
  5 porcupines
  2 orc warriors (D:9)
  A sky beast (D:5)
  A black bear (D:8)
  4 ice beasts
  5 ogres
  A phantom (D:9)
  4 wolves (Lair:4)
  4 centaurs
  5 crocodiles
  4 big kobolds
  A bullfrog (Lair:1)
  A scorpion (D:7)
  9 killer bees
  2 wights (D:9)
  2 howler monkeys (D:8)
  2 electric eels
  4 crimson imps
  5 hounds
  4 jellies
  2 quasits
  Crazy Yiuf (D:2)
  6 orc priests
  4 orc wizards
  Jessica (D:2)
  An iguana (D:8)
  3 worker ants
  Natasha (thrice) (D:2)
  A hound skeleton (D:7)
  A worker ant zombie (D:7)
  11 adders
  2 shadow imps (D:8)
  4 oozes
  5 worms
  2 dart slugs
  3 leopard geckos
  21 orcs
  3 ball pythons
  3 giant cockroaches
  6 goblins
  9 hobgoblins
  6 jackals
  6 quokkas
  7 bats
  4 frilled lizards (D:1)
  35 kobolds
  A quokka skeleton (D:4)
  9 rats
  A spectral orc (D:3)
  A fungus (Lair:4)
294 creatures vanquished.

Vanquished Creatures (collateral kills)
  4 elephants
  2 spiny frogs
  A rime drake (Lair:5)
  4 blink frogs
  A dream sheep (D:9)
  2 yaks
  3 porcupines
  3 crocodiles
  A big kobold (D:9)
  A centaur skeleton (D:4)
22 creatures vanquished.

Vanquished Creatures (others)
  A wizard (Lair:6)
  A hippogriff (Lair:2)
  2 yaks
  A water moccasin (D:6)
  A porcupine (Lair:2)
  2 wolves (Lair:4)
  2 ogres (D:8)
  2 big kobolds (D:9)
  4 bullfrogs
  74 jellies
  A wight (D:9)
  2 electric eels (Lair:1)
  A crimson imp (D:8)
  3 orc priests
  A gnoll shaman (D:5)
  An orc wizard (D:6)
  A centaur skeleton (D:5)
  3 iguanas
  3 gnolls (D:5)
  A howler monkey skeleton (D:9)
  3 adders
  An adder skeleton (D:6)
  A leopard gecko (D:6)
  4 orcs (D:6)
  4 kobolds (D:9)
  3 bushes
  10 fungi
  8 plants
141 creatures vanquished.

Grand Total: 457 creatures vanquished

Table legend:
 A = Turns spent in this place as a percentage of turns spent in the entire game.
 B = Non-inter-level travel turns spent in this place as a percentage of non-inter-level travel turns spent in the entire game.
 C = Inter-level travel turns spent in this place as a percentage of turns spent in this place.
 D = Turns resting spent in this place as a percentage of non-inter-level travel turns spent in this place.
 E = Turns spent auto-exploring this place as a percentage of non-inter-level travel turns spent in this place.
 F = Non-inter-level travel turns spent in this place divided by the number of levels of this place that you've seen.
                   A       B       C       D       E      F
               +-------+-------+-------+-------+-------+----------------------
         Total | 100.0 | 100.0 |   3.3 |  40.2 |  36.9 | 907.9
       Dungeon |  64.3 |  64.7 |   2.8 |  45.4 |  33.6 | 1409.4
        Temple |   0.2 |   0.1 |  32.5 |   0.0 |   0.0 |  27.0
          Lair |  27.5 |  27.3 |   4.1 |  33.7 |  41.5 | 989.8
    Slime Pits |   4.6 |   4.4 |   8.0 |   0.0 |  87.9 | 190.2
  Orcish Mines |   0.0 |   0.0 |   0.0 |   0.0 |   0.0 |   4.0
         Sewer |   3.4 |   3.6 |   0.0 |  47.9 |   0.0 | 774.0
               +-------+-------+-------+-------+-------+----------------------

Table legend:
 A = Non-vault XP
 B = Vault XP
 C = Vault XP percentage of total XP
 D = Non-vault monster count
 E = Vault monster count
 F = Vault count percentage of total count
                 A         B        C        D         E       F
            +---------+---------+-------+---------+---------+-------
      Total |   23756 |    6924 |  22.6 |     258 |      59 |  18.6
            +---------+---------+-------+---------+---------+-------
        D:1 |      50 |       0 |   0.0 |      28 |       0 |   0.0
        D:2 |     122 |     138 |  53.1 |      16 |       6 |  27.3
        D:3 |      89 |       1 |   1.1 |      17 |       1 |   5.6
        D:4 |     216 |       0 |   0.0 |      14 |       0 |   0.0
        D:5 |     551 |      10 |   1.8 |      12 |       2 |  14.3
        D:6 |     155 |       0 |   0.0 |       7 |       0 |   0.0
        D:7 |     762 |      48 |   5.9 |      18 |       1 |   5.3
        D:8 |    1695 |     796 |  32.0 |      39 |       3 |   7.1
        D:9 |    2390 |     885 |  27.0 |      32 |       7 |  17.9
       D:10 |     323 |       0 |   0.0 |       2 |       0 |   0.0
     Lair:1 |    1308 |     974 |  42.7 |       9 |       5 |  35.7
     Lair:2 |    1125 |     495 |  30.6 |       5 |       1 |  16.7
     Lair:3 |    1502 |     198 |  11.6 |       7 |       2 |  22.2
     Lair:4 |    3574 |     788 |  18.1 |      16 |       1 |   5.9
     Lair:5 |    6155 |     857 |  12.2 |      26 |       2 |   7.1
     Lair:6 |    3739 |    1587 |  29.8 |      10 |       4 |  28.6
      Sewer |       0 |     147 | 100.0 |       0 |      24 | 100.0
            +---------+---------+-------+---------+---------+-------
